 Dungeon Crawl Stone Soup version 0.29-a0-559-g359e09b9d1 (webtiles) character file.

Game seed: 16922803457244832348

371 Hubjo the Insei (level 6, -21/47 HPs)
             Began as a Demonspawn Transmuter on June 9, 2022.
             Demolished by an ogre
             ... wielding a +0 giant spiked club
              (29 damage)
             ... on level 5 of the Dungeon.
             The game lasted 00:05:42 (5017 turns).

Hubjo the Insei (Demonspawn Transmuter)             Turns: 5017, Time: 00:05:43

Health: -21/47     AC:  2    Str: 10    XL:     6   Next: 42%
Magic:  10/10      EV: 12    Int: 15    God:
Gold:   215        SH:  0    Dex: 17    Spells: 6/11 levels left

rFire   . . .      SeeInvis .     - Unarmed
rCold   . . .      Faith    .   (no shield)
rNeg    . . .      Spirit   .   a - +0 robe
rPois   .          Reflect  .   (helmet currently unavailable)
rElec   .          Harm     .   (no cloak)
rCorr   .          Rampage  .   (no gloves)
Will    .....                   (boots currently unavailable)
Stlth   +++.......              u - amulet of magic regeneration
HPRegen 0.15/turn               e - ring of flight
MPRegen 0.52/turn               (no ring)

@: appendages, flying
A: horns 2, talons 2, thin skeletal structure 1, spiny 2, demonic touch 1
a: End Transformation


You were on level 5 of the Dungeon.
You had temporarily grown beastly horns and talons.
You visited 1 branch of the dungeon, and saw 5 of its levels.

You collected 215 gold pieces.

Inventory:

Missiles
 l - a throwing net
Armour
 a - a +0 robe (worn)
Jewellery
 e - a ring of flight (left hand)
 u - an amulet of magic regeneration (around neck)
Scrolls
 j - 2 scrolls of fear
 k - a scroll of blinking
 p - a scroll of noise
 r - a scroll of amnesia
 t - a scroll of poison
 v - 2 scrolls of immolation
 w - a scroll of enchant weapon
 x - a scroll of identify
 y - a scroll of fog
 A - a scroll of enchant armour
Potions
 b - a potion of lignification
 c - a potion of brilliance {unknown}
 d - 3 potions of haste {unknown}
 f - 3 potions of invisibility {unknown}
 g - 2 potions of heal wounds {unknown}
 h - 2 potions of mutation {unknown}
 i - a potion of might {unknown}
 m - 2 potions of attraction {unknown}
 n - a potion of curing {unknown}
 o - a potion of flight {unknown}
 q - a potion of magic {unknown}
 s - a potion of resistance {unknown}
 z - a potion of degeneration {unknown}


   Skills:
 + Level 3.2 Fighting
 - Level 1.7 Dodging
 + Level 2.1 Stealth
 + Level 3.5 Unarmed Combat
 + Level 3.0 Spellcasting
 * Level 3.4 Transmutations
 + Level 1.1 Ice Magic


You had 6 spell levels left.
You knew the following spells:

 Your Spells              Type           Power      Damage    Failure   Level
a - Beastly Appendage     Tmut           24%        N/A       4%          1
b - Ice Form              Ice/Tmut       9%         N/A       61%         4

Your spell library contained the following spells:

 Spells                   Type           Power      Damage    Failure   Level
 Wereblood                Tmut           12%        N/A       8%          2
 Slow                     Hex            8%         N/A       21%         1
 Spider Form              Tmut/Pois      7%         N/A       30%         3
 Ignite Poison            Fire/Tmut/Pois 5%         N/A       36%         3
 Confusing Touch          Hex            2%         N/A       52%         3
 Conjure Flame            Conj/Fire      2%         6-21      52%         3
 Vampiric Draining        Necr           2%         2d6       52%         3
 Sticky Flame             Conj/Fire      2%         2d3       89%         4
 Dispersal                Tloc           1%         N/A       100%        6
 Disjunction              Tloc           1%         N/A       100%        8


Dungeon Overview and Level Annotations

Branches:
Dungeon (5/15)
 Temple: D:4-7

Altars:
Cheibriados

Shops:
D:4 (


Innate Abilities, Weirdness & Mutations

You have temporarily grown beastly horns and talons.
You have a somewhat thin skeletal structure. (Dex +2, Stealth+)
You are mostly covered in sharp spines.
Your touch may inflict minor irresistible damage on your foes.


Message History

There is a stone staircase leading down here.
Done exploring.
As you read the scroll of identify, it crumbles to dust.
v - 2 scrolls of immolation
As you read the scroll of identify, it crumbles to dust.
w - a scroll of enchant weapon
As you read the scroll of identify, it crumbles to dust.
y - a scroll of fog
As you read the scroll of identify, it crumbles to dust.
A - a scroll of enchant armour Done exploring.
Done exploring.
Done exploring.
Done exploring.
Done exploring.
You fly downwards.
There is a stone staircase leading up here.
Found a short sword.
Found a pair of boots.
An ogre comes into view. It is wielding a +0 giant spiked club.
An ogre is nearby!
An ogre is nearby!
You grow a pair of large bovine horns.
Your feet morph into talons.
A white imp comes into view.
Found 2 boomerangs.
The helpless ogre fails to defend itself.
You hit the ogre.
You touch the ogre!
The ogre is moderately wounded.
You hit the ogre. You claw the ogre.
The ogre is heavily wounded.
The ogre is struck by your spines.
The ogre hits you with a +0 giant spiked club!!!
Ouch! That really hurt!
* * * LOW HITPOINT WARNING * * *
The white imp grins evilly.
You barely miss the ogre.
You touch the ogre!
The ogre is almost dead.
The ogre hits you with a +0 giant spiked club!!
Ouch! That really hurt!
You die...

#............#.....# #..
#............#.....# #..
#..................###..
#...........##..........
#...........#####.######
#...........# #.#.....
#...........# #.#...##
............# #.#...#
.....5.@....# #.#...#
......O.....# #.#...#
###+####.#.## #.###.#
#.#.# #.# ..#.# ###.##
###(# #..... ######


You could see an ogre and a white imp.

Vanquished Creatures
  A black bear (D:4)
  A hound (D:4)
  An iron imp (D:4)
  Terence (D:2)
  An orc wizard (D:3)
  4 gnolls (D:4)
  4 adders
  An ufetubus (D:4)
  A worm (D:2)
  2 dart slugs (D:2)
  5 orcs
  4 bats
  8 endoplasms
  3 giant cockroaches
  6 goblins
  5 hobgoblins
  8 jackals
  5 quokkas
  6 ball pythons
  4 frilled lizards
  3 kobolds
  5 rats
79 creatures vanquished.

Notes
Turn   | Place    | Note
-------+----------+-------------------------------------------
     0 | D:1      | Hubjo the Demonspawn Transmuter began the quest for the
                  | Orb.
     0 | D:1      | Reached XP level 1. HP: 15/15 MP: 3/3
   714 | D:1      | Gained mutation: Your touch may inflict minor irresistible
                  | damage on your foes. [demonic ancestry]
   714 | D:1      | Reached XP level 2. HP: 10/21 MP: 1/5
  1549 | D:2      | Gained mutation: You are partially covered in sharp spines.
                  | [demonic ancestry]
  1549 | D:2      | Reached XP level 3. HP: 27/27 MP: 4/6
  1771 | D:2      | Reached skill level 1 in Stealth
  2201 | D:2      | Noticed Terence
  2208 | D:2      | Killed Terence
  2209 | D:2      | Gained mutation: You have a somewhat thin skeletal
                  | structure. (Dex +2, Stealth+) [demonic ancestry]
  2209 | D:2      | Reached XP level 4. HP: 25/34 MP: 5/7
  2422 | D:3      | Learned a level 4 spell: Ice Form
  2765 | D:3      | Reached XP level 5. HP: 39/39 MP: 7/9
  3411 | D:4      | Noticed a black bear
  3418 | D:4      | Killed a black bear
  3713 | D:4      | Gained mutation: You are mostly covered in sharp spines.
                  | [demonic ancestry]
  3713 | D:4      | Reached XP level 6. HP: 7/47 MP: 10/10
  4190 | D:4      | Reached skill level 1 in Ice Magic
  4448 | D:4      | Found Zagai's Weapon Boutique.
  4726 | D:4      | Found a snail-covered altar of Cheibriados.
  4959 | D:5      | Entered Level 5 of the Dungeon
  5017 | D:5      | Demolished by an ogre

Illustrated notes

Levels and vault maps discovered:
D:1:      roderic_octagonal_star, layout_loops_corners, serial_glass,
          glass_columns_a, glass_columns_b
D:2:      layout_basic, uniq_terence
D:3:      layout_loops_corners, mrwooster_statue_mirror
D:4:      layout_cave_pools, chei_slow_surprise, serial_shops, shop
D:5:      layout_basic, dreamdust_gnoll_farm

Skill      XL: |  1  2  3  4  5  6 |
---------------+-------------------+-----
Transmutations | 2 3 |  3.4
Fighting       | 2 3 |  3.2
Unarmed Combat | 3 |  3.5
Stealth        | 1 2 |  2.1
Ice Magic      | 1 |  1.1
Spellcasting   | 3 |  3.0
Dodging        | |  1.7

Action                   |  1- 3 |  4- 6 || total
-------------------------+-------+-------++-------
Melee: Unarmed           |    77 |    75 ||   152
       Headbutt          |    10 |    13 ||    23
       Kick              |    13 |    17 ||    30
       Touch             |     4 |    19 ||    23
       Punch             |       |     1 ||     1
 Cast: Beastly Appendage |    25 |    31 ||    56
  Use: Scroll            |     2 |     8 ||    10
 Stab: Sleeping          |       |    13 ||    13
Armor: Robe              |    12 |     6 ||    18
Dodge: Dodged            |    41 |    37 ||    78

Table legend: (Time is in decaauts)
 A = Elapsed time spent in this place.
 B = Non-inter-level travel time spent in this place.
 C = Inter-level travel time spent in this place.
 D = Time resting spent in this place.
 E = Time spent auto-exploring this place.
 F = Levels seen in this place.
 G = Mean time per level.
                   A        B        C        D        E       F      G
               +--------+--------+--------+--------+--------+-----+--------+
         Total |   5008 |   4890 |    118 |    463 |   3838 |   5 | 1001.6 |
       Dungeon |   5008 |   4890 |    118 |    463 |   3838 |   5 | 1001.6 |
               +--------+--------+--------+--------+--------+-----+--------+

Top non-repeatable levels by time:
     D:3: 1469 daAuts
     D:1: 1305 daAuts
     D:4: 1089 daAuts
     D:2: 1087 daAuts
     D:5: 57 daAuts
